 Dungeon Crawl Stone Soup version 0.28-a0-1447-ga5a8893891 (webtiles) character file.

Game seed: 6280422168915994127

9 testman the Cudgeller (level 2, -1/29 HPs)
             Began as a Gnoll Cinder Acolyte on Jan 11, 2022.
             Was a High Priest of Ignis.
             Slain by a gnoll (7 damage)
             ... on level 1 of the Dungeon.
             The game lasted 00:02:48 (461 turns).

testman the Cudgeller (Gnoll Cinder Acolyte)         Turns: 461, Time: 00:02:48

Health: -1/29      AC:  5    Str: 13    XL:     2   Next: 16%
Magic:  5/5        EV: 10    Int: 13    God:    Ignis [*****.]
Gold:   28         SH:  0    Dex:  7    Spells: 6/6 levels left

rFire   + . .      SeeInvis .   a - -1 mace (flame)
rCold   . . .      Faith    .   (no shield)
rNeg    . . .      Spirit   .   c - +0 ring mail
rPois   .          Reflect  .   (no helmet)
rElec   .          Harm     .   (no cloak)
rCorr   .          Rampage  .   (no gloves)
Will    .....                   (no boots)
Stlth   ..........              (no amulet)
HPRegen 0.09/turn               (no ring)
MPRegen 0.09/turn               (no ring)

@: no status effects
A: fangs 1, strong nose, distributed training
a: Renounce Religion, Fiery Armour, Foxfire Swarm, Rising Flame


You were on level 1 of the Dungeon.
You worshipped Ignis.
Ignis was extremely pleased with you.
You visited 1 branch of the dungeon, and saw 1 of its levels.

You collected 28 gold pieces.

Inventory:

Hand Weapons
 a - a -1 mace of flaming (weapon)
Missiles
 f - 24 stones (quivered)
 h - 33 arrows
Armour
 b - a +0 robe
 c - a +0 ring mail (worn)
Scrolls
 e - 2 scrolls of vulnerability {unknown}
Potions
 d - a potion of brilliance {unknown}
 g - a potion of flight {unknown}


   Skills:
 + Level 6.4 Fighting
 + Level 0.3 Short Blades
 + Level 0.3 Long Blades
 + Level 0.3 Axes
 + Level 6.4 Maces & Flails
 + Level 0.3 Polearms
 + Level 0.3 Staves
 + Level 0.3 Slings
 + Level 0.3 Bows
 + Level 0.3 Crossbows
 + Level 0.3 Throwing
 + Level 0.3 Armour
 + Level 0.3 Dodging
 + Level 0.3 Stealth
 + Level 0.3 Shields
 + Level 0.3 Unarmed Combat
 + Level 2.7 Spellcasting
 + Level 0.2 Conjurations
 + Level 0.2 Hexes
 + Level 0.2 Summonings
 + Level 0.2 Necromancy
 + Level 0.2 Translocations
 + Level 0.2 Transmutations
 + Level 5.3 Fire Magic
 + Level 0.2 Ice Magic
 + Level 0.2 Air Magic
 + Level 0.2 Earth Magic
 + Level 0.2 Poison Magic
 + Level 0.4 Invocations
 + Level 0.3 Evocations


You had 6 spell levels left.
You didn't know any spells.
Your spell library contained the following spells:

 Spells                   Type           Power      Damage    Failure   Level
 Scorch                   Fire           30%        2d7       9%          2


Dungeon Overview and Level Annotations

Branches:
Dungeon (1/15)

Altars:


Innate Abilities, Weirdness & Mutations

You have very sharp teeth.
Your uncanny sense of smell can sniff out nearby items.
Your experience applies equally to all skills.


Message History

The bat hits you but does no damage. The bat hits you but does no damage.
The bat misses you. The bat barely misses you.
You see here a human skeleton.
The bat misses you.
A gnoll comes into view. It is wielding a +0 flail.
The bat barely misses you.
You see here a human skeleton.
You hit the bat but do no damage. The bat hits you but does no damage.
Press: ? - help, v - describe, . - travel A faded altar of an unknown god.
The bat hits you but does no damage. The bat misses you.
The bat hits you but does no damage. The bat barely misses you.
The bat hits you but does no damage. The bat hits you but does no damage.
The bat hits you but does no damage. The bat barely misses you.
There is a faded altar of an unknown god here.
The bat hits you but does no damage.
You closely miss the bat. The bat hits you. x2
You hit the bat but do no damage. Your bite misses the bat.
The bat hits you but does no damage.
You hit the bat. You burn the bat.
You kill the bat!
The gnoll hits you with a +0 flail.
You see here a bat corpse.
You barely miss the gnoll. The gnoll hits you with a +0 flail!
You closely miss the gnoll. You bite the gnoll, but do no damage.
The gnoll closely misses you.
You barely miss the gnoll. The gnoll hits you with a +0 flail.
You are too injured to fight recklessly!
You are too injured to fight recklessly!
You are too injured to fight recklessly!
You completely miss the gnoll. The gnoll hits you with a +0 flail!
* * * LOW HITPOINT WARNING * * *
You hit the gnoll. You burn the gnoll.
The gnoll is heavily wounded.
The gnoll hits you with a +0 flail!
You die...

##...##### .#........#
.#....###.######### ######
.+....'..>........###.....
.#....###.######.8.8.8.##
.#....# #.# #...÷÷.÷8.# #
......# #.# #÷........#.#
...#### #.# #....÷÷.....#
#..######.# #.@g...÷.?..#
..........# #_......8...#
#.......... #########...#
#.÷######### ...#
#........... ....
............ g....
#........... ∆ ..##
...######### ... #.##


You could see a gnoll.

Vanquished Creatures
  An endoplasm (D:1)
  A giant cockroach (D:1)
  A goblin (D:1)
  A hobgoblin (D:1)
  3 bats (D:1)
  2 frilled lizards (D:1)
  A rat (D:1)
10 creatures vanquished.

Notes
Turn   | Place    | Note
-------+----------+-------------------------------------------
     0 | D:1      | testman the Gnoll Cinder Acolyte began the quest for the
                  | Orb.
     0 | D:1      | Reached XP level 1. HP: 23/23 MP: 4/4
   337 | D:1      | Reached XP level 2. HP: 29/29 MP: 5/5
   436 | D:1      | Found a faded altar of an unknown god.
   461 | D:1      | Slain by a gnoll

Illustrated notes

Levels and vault maps discovered:
D:1:      psy_arrival_dodecagon, layout_basic,
          shapermc_ecumenical_altar_pompeii, eino_curves_01

Action                   || total
-------------------------++-------
Melee: Mace              ||    38
       Bite              ||     3
Armor: Ring mail         ||    25
Dodge: Dodged            ||    37

Table legend: (Time is in decaauts)
 A = Elapsed time spent in this place.
 B = Non-inter-level travel time spent in this place.
 C = Inter-level travel time spent in this place.
 D = Time resting spent in this place.
 E = Time spent auto-exploring this place.
 F = Levels seen in this place.
 G = Mean time per level.
                   A        B        C        D        E       F      G
               +--------+--------+--------+--------+--------+-----+--------+
         Total |    464 |    464 |      0 |      0 |    337 |   1 |  464.0 |
       Dungeon |    464 |    464 |      0 |      0 |    337 |   1 |  464.0 |
               +--------+--------+--------+--------+--------+-----+--------+

Top non-repeatable levels by time:
     D:1: 464 daAuts
